fuckspiders, neutral female scurrid Tourist }}}}}}}}}}}}}}}}}}}}}}}}}}}}}}}}}}}}}}}}}}}}}}}}}}}}}}}}}}}}}}}}}}}}}}}}}}} }}}}}}}}}}}}}}}}}}}}}}}}}}}}}}}}}}}}}}}}}}}}}}}}}}}}}}}}}}}}}}}}}}}}}}}}}}} }}}}}}}}}.}}}}}}.....}}}}}}}}}}}}}}}}}}}}}}}}}}}}}}}}}}}}}}}}}}}}}} }}}}}}}....}}}}}....}}}}}}}}}}}}}}}}}}}}}}}}}}}}}}}}}}}}} }...}}}}}}}}}}}....}}}.`}}}}}}}}}}}`}}}}}}}}}} }...}}}}}}}}}F....}}}}..}}}}}}}}}}}. }...}}}}}}}}}}}}}}}}}}}}}}}}}}- }..u}}}}}}}}}}}}}}}}}}}}}}}}}.| }..@.}}}}}...}}}}}}}}}}}}}}...----- }.!@@.}}}}}.}}}}}}}}}}}}}}}.......| }....}}}}}}}}}}}}}}}}}}}}}}.......| }....}}}}}}}}}}}}}}}}n}}}}}..'----- }..`..}}}}}}}}}}}}}}}}}}}}}}}.| }......}}}}}}}}}}}}}}}}}}}}}}}- }.[..<..}}}}}}}...}}}}}}}}}}}}}}}} }.....}}}}}}}}}}.....}}}}}}}}}}}}}}}}}}} }}..}}}}}}}}}}}}}.`..}}}}}}}}}}}}}}}}}}}}}}}}} }}}}}}}}}}}}}}}}}....}}}}}}}}}}}}}}}}}}}}}}}`.}}..}} }}}}}}}}}}}}}}}}}}}}}}}}}}}}}}}}}}}}}}}}}}}}}}}}}}}}}}}}}} }}}}}}}}}}}}}}}}}}}}}}}}}}}}}}}}}}}}}}}}}}}}}}}}}}}}}}}}}}}}}}}} fuckspiders the Sightseer Experience level: 3 Strength: 10 Dexterity: 14 Constitution: 14 Intelligence: 16 Wisdom: 7 Charisma: 14 Health: 0(23) Energy: 10(10) Def: 0 Gold: 185 Moves: 336 Dungeon seed: BeE-XhYNif8v9fca Game ID: fuckspiders_1498722693 Your Inventory: Coins $ - 185 gold pieces Weapons a - 51 uncursed +2 darts (in quiver) I - an uncursed +2 dart Armor e - an uncursed +0 Hawaiian shirt (being worn) Comestibles b - an uncursed lembas wafer c - 3 uncursed tripe rations d - 6 uncursed food rations f - an uncursed chestnut Scrolls h - 3 uncursed scrolls of magic mapping i - a blessed scroll of magic mapping n - a cursed scroll of light Wands l - an uncursed wand of secret door detection (0:13) Tools j - an uncursed expensive camera (0:43) k - an uncursed credit card m - an uncursed tin opener o - an uncursed mirror Spells and supernatural/magical abilities: Name Level Category Fail Memory W - pray for help -- divine ? -- Your skills at the end: Miscellaneous Skills wands [Basic] Weapon Skills dart [Basic] Spellcasting Skills Final Attributes: You were devoutly aligned. You had infravision. You were very stealthy. You are dead. Vanquished creatures: a small mimic a giant ant a rabid rat a lichen 4 creatures vanquished. Voluntary challenges: You went without food. You did not adorn yourself with jewelry or accessories. You did not cause conflict. You were not invisible. You did not have reflection. You were not displaced. You never hit with a wielded weapon. You did not use containers. You did not apply a unicorn horn. You did not use plumbed fixtures. You were illiterate. You never genocided any monsters. You never polymorphed an object. You never changed form. You used no wishes. You never split a pudding. You never wrote Elbereth's name. You never violated your personal moral code. Dungeon overview: The Dungeons of Doom: levels 1 to 21 Level 1 a long staircase Level 2 Level 3 Level 4 Level 5 Level 6 Level 7 Level 8 a general store, a fountain Level 9 Level 10 Level 11 Level 12 Level 13 Level 14 Level 15 Level 16 Level 17 a fountain Level 18 Level 19 Level 20 Level 21 <- You were here History has recorded: On T:1 you entered the Dungeons of Doom to retrieve the Amulet of Yendor! On T:10 you reached level 2 of The Dungeons of Doom. On T:12 you reached level 3 of The Dungeons of Doom. On T:14 you reached level 4 of The Dungeons of Doom. On T:16 you reached level 5 of The Dungeons of Doom. On T:19 you reached level 6 of The Dungeons of Doom. On T:29 you reached level 7 of The Dungeons of Doom. On T:31 you reached level 8 of The Dungeons of Doom. On T:221 you advanced to experience level 2. On T:278 you advanced to experience level 3. On T:301 you reached level 9 of The Dungeons of Doom. On T:303 you reached level 10 of The Dungeons of Doom. On T:305 you reached level 11 of The Dungeons of Doom. On T:308 you reached level 12 of The Dungeons of Doom. On T:311 you reached level 13 of The Dungeons of Doom. On T:314 you reached level 14 of The Dungeons of Doom. On T:316 you reached level 15 of The Dungeons of Doom. On T:316 you entered the Rogue tribute level. On T:318 you reached level 16 of The Dungeons of Doom. On T:321 you reached level 17 of The Dungeons of Doom. On T:323 you reached level 18 of The Dungeons of Doom. On T:326 you reached level 19 of The Dungeons of Doom. On T:328 you reached level 20 of The Dungeons of Doom. On T:330 you reached level 21 of The Dungeons of Doom. On T:332 you prayed to The Lady. Score breakdown: Gold: 40 ( 4 points) Experience: 3 levels ( 200 points) Exploration: 21 levels ( 600 points) Discoveries: 2 items ( 100 points) Variety of kills: 4 monsters ( 200 points) Major goal: (nothing yet) ( 0 points) Survival: died (score multiplied by 3) Total score: 3312 Latest messages: You begin praying to The Lady. You are surrounded by a shimmering light. The horse starts to attack you, but pulls back. (2x) The sergeant starts to attack you, but pulls back. The horse starts to attack you, but pulls back. (2x) The sergeant starts to attack you, but pulls back. The horse starts to attack you, but pulls back. You feel that The Lady is well-pleased. You feel much better. The lembas wafer misses it. The sergeant swings her mace at you. The sergeant hits you! You see here an uncursed lembas wafer. You feel much better. The sergeant swings her mace at you. The sergeant hits you! The sergeant swings her flail at you. The sergeant hits you! You die... Final status: Aloha fuckspiders the Tourist, killed by a sergeant... You died in The Dungeons of Doom on dungeon level 21 with 3312 points, and 185 pieces of gold, after 336 moves. You were level 3 with a maximum of 23 hit points when you died.